 Dungeon Crawl Stone Soup version 0.30-a0-170-g85af917532 (webtiles) character file.

Game seed: 4025303267363131105

53840 scionoferis the Skirmisher (level 15, -2/92 HPs)
             Began as a Kobold Hunter on Sept 29, 2022.
             Was a Follower of Uskayaw.
             Slain by a gargoyle
             ... wielding a +0 mace
              (13 damage)
             ... on level 13 of the Dungeon on Sept 30, 2022.
             The game lasted 01:44:25 (26757 turns).

scionoferis the Skirmisher (Kobold Hunter)         Turns: 26757, Time: 01:44:25

Health: -2/92      AC: 16    Str: 12    XL:     15   Next: 11%
Magic:  22/24      EV: 27    Int: 15    God:    Uskayaw [*.....]
Gold:   1096       SH:  0    Dex: 22    Spells: 14/14 levels left

rFire   . . .      SeeInvis +    b - +4 quick blade (holy)
rCold   . . .      Faith    .    (no shield)
rNeg    . . .      Spirit   .    U - +5 scale mail of Luf Tiqo {rPois Int+4}
rPois   +          Reflect  .    y - +0 hat {SInv}
rElec   .          Harm     .    (no cloak)
rCorr   .          Rampage  .    i - +0 pair of gloves
Will    +....                    n - +0 pair of boots
Stlth   ++++......               E - amulet of the acrobat
HPRegen 0.25/turn                c - +4 ring of evasion
MPRegen 0.19/turn                P - +4 ring of evasion

@: studying Shields
A: small, no large weapons, nightstalker 3, hooves 1
a: Renounce Religion, Stomp


You were on level 13 of the Dungeon.
You worshipped Uskayaw.
Uskayaw was pleased with you.
You visited 3 branches of the dungeon, and saw 18 of its levels.
You also visited: Sewer.

You collected 1126 gold pieces.
You spent 30 gold pieces at shops.

Inventory:

Hand Weapons
 a - a +3 shortbow of freezing
 b - a +4 quick blade of holy wrath (weapon)
 j - a +4 scimitar of flaming
Missiles
 u - 2 curare-tipped darts
 F - a throwing net
 T - 59 poisoned darts (quivered)
Armour
 i - a +0 pair of gloves (worn)
 n - a +0 pair of boots (worn)
 y - a +0 hat of see invisible (worn)
 U - the +5 scale mail of Luf Tiqo (worn) {rPois Int+4}
   (You found it on level 12 of the Dungeon)

   Int:       It affects your intelligence (+4).
   rPois:     It protects you from poison.
Jewellery
 c - a +4 ring of evasion (left hand)
 E - an amulet of the acrobat (around neck)
 P - a +4 ring of evasion (right hand)
 V - a ring of protection from cold
 W - a ring of ice
Wands
 x - a wand of acid (12)
 A - a wand of roots (13)
 J - a wand of charming (17)
 L - a wand of mindburst (12)
 R - a wand of flame (27)
Scrolls
 f - 2 scrolls of blinking
 k - 6 scrolls of teleportation
 m - 3 scrolls of identify
 o - 3 scrolls of silence
 p - 4 scrolls of butterflies
 r - 9 scrolls of poison
 G - 4 scrolls of summoning
 K - 4 scrolls of magic mapping
Potions
 d - 2 potions of curing
 e - 2 potions of haste
 t - 5 potions of heal wounds
 z - 2 potions of might
 B - 2 potions of magic
 C - 4 potions of resistance
 D - 2 potions of cancellation
 I - 3 potions of flight
 N - 2 potions of brilliance
Miscellaneous
 h - a box of beasts


   Skills:
 - Level 10.0 Fighting
 - Level 10.0 Short Blades
 + Level 13.8 Ranged Weapons
 + Level 9.2 Armour
 + Level 11.8 Dodging
 - Level 10.0 Stealth
 + Level 12.7 Invocations
 - Level 6.0 Evocations


You had 14 spell levels left.
You didn't know any spells.
Your spell library contained the following spells:

 Spells                   Type           Power      Damage    Failure   Level
 Cigotuvi's Dreadful Rot  Necr/Pois/Air  0%         N/A       85%         2
 Ensorcelled Hibernation  Hex/Ice        0%         N/A       85%         2
 Poisonous Vapours        Pois/Air       0%         N/A       85%         2
 Static Discharge         Conj/Air       0%         2-2/arc   85%         2
 Sublimation of Blood     Necr           0%         N/A       85%         2
 Wereblood                Tmut           0%         N/A       85%         2
 Ignite Poison            Fire/Tmut/Pois 0%         N/A       97%         3
 Kindle Blastsparks       Fire/Tloc/Air  0%         2d10      97%         3
 Spider Form              Tmut/Pois      0%         N/A       97%         3
 Anguish                  Hex/Necr       0%         N/A       100%        4
 Passage of Golubria      Tloc           0%         N/A       100%        4
 Summon Ice Beast         Ice/Summ       0%         N/A       100%        4
 Summon Lightning Spire   Summ/Air       0%         N/A       100%        4
 Irradiate                Conj/Tmut      0%         3d11      100%        5
 Summon Mana Viper        Hex/Summ       0%         N/A       100%        5
 Monstrous Menagerie      Summ           0%         N/A       100%        7
 Storm Form               Tmut/Air       0%         N/A       100%        7
 Summon Hydra             Summ           0%         N/A       100%        7
 Ignition                 Fire           0%         3d3       100%        8
 Maxwell's Capacitive Co  Air            0%         ∞         100%        8


Dungeon Overview and Level Annotations

Branches:
Dungeon (13/15)            Temple (1/1) D:6            Lair (4/5) D:8
 Shoals (0/4) Lair:2       Spider (0/4) Lair:3          Orc (0/2) D:12
  Sewer (visited)
  Slime: Lair:4-5    Vaults: D:13-14

Altars:
Ashenzari
Cheibriados
Dithmenos
Elyvilon
Fedhas
Gozag
Hepliaklqana
Kikubaaqudgha
Makhleb
Nemelex Xobeh
Okawaru
Qazlal
Ru
Sif Muna
Trog
Uskayaw
Vehumet
Wu Jian
Xom
Yredelemnul
Zin
The Shining One

Shops:
D:1 *   D:9 (

Portals:
Trove: D:12 (give 14 scrolls of teleportation)

Annotations:
D:8 3 runed translucent doors
D:10 3 runed translucent doors
D:13 2 transporters, Ydyt's ghost, journeyman MiFi
Lair:2 3 runed translucent doors, SirDiesAlot's ghost, journeyman MfGl


Innate Abilities, Weirdness & Mutations

You are small and have problems with some larger weapons.
You are completely attuned to the shadows.
You have large cloven feet.


Message History

You hit the meliai but do no damage.
The meliai is almost dead.
You feel sick.
You hit the gargoyle but do no damage.
The gargoyle is heavily damaged.
You feel sick.
The meliai calls down the wrath of its god upon you.
Something smites you!
You barely miss the gargoyle.
The gargoyle is heavily damaged.
You feel sick.
The gargoyle hurls a stone arrow at you.
The stone arrow misses you. The meliai completely misses you.
The meliai barely misses you.
You barely miss the gargoyle.
The gargoyle is heavily damaged.
You feel sick.
You hit the gargoyle.
The gargoyle is severely damaged.
You feel sick.
The meliai mumbles some strange prayers to its god against you.
Something smites you!
* * * LOW HITPOINT WARNING * * *
Unknown command.
You feel better.
The meliai calls down the wrath of its god upon you.
Something smites you!
* * * LOW HITPOINT WARNING * * *
The gargoyle misses you. The meliai barely misses you.
The meliai closely misses you.
Okay, then.
Unknown command.
Press: ? - help, v - describe, . - travel
Here: a meliai, wielding a +0 hand axe and wearing a +0 leather armour (almost dead)
The floor.
As you read the scroll of fear, it crumbles to dust.
You assume a fearsome visage.
The meliai looks frightened!
The gargoyle is unaffected.
The gargoyle completely misses you. The gargoyle attacks as you move away!
The gargoyle hits you with a +0 mace!
You die...

## # .#y.
#################9..#
...##......#....@.#
....#........###..(..
...............#....B
##...################
#....# #.[..# .....#
#....# .....#


You could see a boulder beetle, a gargoyle and a meliai (fleeing).

Vanquished Creatures
  3 hydras
  A vault guard (D:12)
  2 two-headed ogres
  3 boulder beetles
  2 death yaks (Lair:4)
  The ghost of Darkkill the Ruffian, a novice TrSu of Nemelex Xobeh (D:6)
  3 skeletal warriors (D:13)
  Pikel (D:8)
  An ugly thing (D:11)
  2 cyclopes
  2 manticores
  2 black mambas
  16 elephants
  2 gargoyles (D:12)
  8 cane toads
  A rime drake (Lair:2)
  2 kobold demonologists
  An unseen horror zombie (D:7)
  2 unseen horrors
  An efreet (D:13)
  A tengu conjurer (D:13)
  8 komodo dragons
  2 trolls (D:12)
  2 meliai (D:13)
  6 polar bears
  A snapping turtle (Lair:2)
  2 hornets
  3 slime creatures (D:13)
  7 dream sheep (Lair:3)
  20 blink frogs
  2 jumping spiders (Lair:3)
  3 culicivoras (Lair:3)
  A wraith (D:10)
  2 wyverns
  2 basilisks (Lair:3)
  16 yaks
  An unseen horror simulacrum (D:9)
  2 redbacks (Lair:3)
  A steam dragon (D:8)
  4 vampire mosquitoes (D:12)
  3 acid dragons
  Duvessa (D:7)
  9 water moccasins
  3 orc warriors
  Pargi (D:4)
  A black bear (D:6)
  5 ice beasts
  2 ogres (D:5)
  10 wolves
  9 centaurs
  A lemure (D:8)
  3 phantoms
  4 gnoll sergeants
  5 kobold brigands
  2 necrophages
  6 wyvern zombies
  10 bullfrogs
  A scorpion (D:7)
  3 water moccasin zombies (D:7)
  17 wights
  Dowan (D:7)
  The ghost of sirJeffrey23 the Chopper, a weakling HORe (D:3)
  14 killer bees
  9 electric eels
  5 howler monkeys
  3 centaur zombies (D:7)
  3 jellies
  8 orc priests
  3 hounds
  Terence (D:2)
  An iguana (D:4)
  8 orc wizards
  2 killer bee zombies
  A centaur simulacrum (D:9)
  2 howler monkey zombies (D:7)
  Robin (D:3)
  23 gnolls
  16 adders
  A river rat (Sewer)
  5 white imps
  A howler monkey simulacrum (D:9)
  2 ufetubi
  4 worms
  2 dart slugs (D:1)
  43 orcs
  2 bats (D:1)
  12 endoplasms
  5 giant cockroaches
  12 goblins
  19 hobgoblins
  3 jackals (D:3)
  3 quokkas
  10 ball pythons
  7 frilled lizards
  27 kobolds
  4 rats
  A toadstool (D:12)
503 creatures vanquished.

Vanquished Creatures (others)
  45 fungi
  23 plants
  3 toadstools (D:12)
  9 withered plants
80 creatures vanquished.

Grand Total: 583 creatures vanquished

Notes
Turn   | Place    | Note
-------+----------+-------------------------------------------
     0 | D:1      | scionoferis the Kobold Hunter began the quest for the Orb.
     0 | D:1      | Reached XP level 1. HP: 12/12 MP: 1/1
    80 | D:1      | Reached XP level 2. HP: 18/18 MP: 2/2
   190 | D:1      | Found a faded altar of an unknown god.
   300 | D:1      | Reached skill level 1 in Short Blades
   516 | D:1      | Found Roceiduk's General Store.
   643 | D:1      | Reached XP level 3. HP: 22/22 MP: 3/3
  1010 | D:1      | Bought a potion of curing for 30 gold pieces
  1627 | D:2      | Reached skill level 1 in Armour
  1646 | D:2      | Reached XP level 4. HP: 23/27 MP: 4/4
  1837 | D:2      | Noticed Terence
  1860 | D:2      | Killed Terence
  2431 | D:3      | Reached XP level 5. HP: 32/32 MP: 5/5
  2481 | D:3      | Identified the +3 quarterstaff "Newt's Funeral" {vorpal,
                  | rPois Will+}
  2546 | D:3      | Reached skill level 6 in Ranged Weapons
  2929 | D:3      | Found a transporter.
  2929 | D:3      | Found a transporter.
  2930 | D:3      | Noticed sirJeffrey23's ghost (weakling HORe)
  2966 | D:3      | Reached XP level 6. HP: 35/37 MP: 6/6
  3157 | D:3      | Noticed Robin
  3163 | D:3      | Killed Robin
  4067 | D:4      | Found a glowing drain.
  4084 | Sewer    | Entered a sewer
  4314 | Sewer    | Reached skill level 5 in Short Blades
  4511 | Sewer    | Reached XP level 7. HP: 42/42 MP: 7/7
  4520 | Sewer    | Found a viscous altar of Jiyva.
  4695 | D:4      | Noticed Pargi
  4713 | D:4      | Killed Pargi
  4988 | D:4      | Got Sif Muna's Reference Book on Energetic Kindling
  4997 | D:4      | Found a stormy altar of Qazlal.
  5008 | D:4      | Found a shadowy altar of Dithmenos.
  5127 | D:4      | Reached skill level 7 in Ranged Weapons
  5832 | D:5      | Entered Level 5 of the Dungeon
  5969 | D:5      | Reached XP level 8. HP: 48/48 MP: 8/8
  6177 | D:5      | Reached skill level 5 in Fighting
  6201 | D:5      | Found a burning altar of Makhleb.
  6205 | D:5      | Noticed a balrug
  6206 | D:5      | Noticed a ynoxinul
  6206 | D:5      | Noticed an orange demon
  6736 | D:5      | Found a hazy altar of Hepliaklqana.
  6898 | D:6      | Reached skill level 8 in Ranged Weapons
  6898 | D:6      | Reached XP level 9. HP: 18/54 MP: 9/9
  7209 | D:6      | Found a runed translucent door.
  7211 | D:6      | Noticed Darkkill's ghost (novice TrSu)
  7356 | D:6      | Found a staircase to the Ecumenical Temple.
  7374 | Temple   | Entered the Ecumenical Temple
  7656 | Temple   | Became a worshipper of Uskayaw the Reveller
  7715 | D:6      | Found a shimmering altar of Xom.
  7721 | D:6      | Found an ancient bone altar of Kikubaaqudgha.
  7920 | D:7      | Reached * piety under Uskayaw
  8100 | D:7      | Reached ** piety under Uskayaw
  8177 | D:7      | Reached skill level 1 in Invocations
  8181 | D:7      | Reached *** piety under Uskayaw
  8186 | D:7      | Found an opulent altar of Gozag.
  8220 | D:7      | Reached **** piety under Uskayaw
  8230 | D:7      | Noticed Duvessa
  8231 | D:7      | Reached ***** piety under Uskayaw
  8247 | D:7      | Noticed Dowan
  8250 | D:7      | Killed Dowan
  8267 | D:7      | Reached skill level 9 in Ranged Weapons
  8270 | D:7      | Reached XP level 10. HP: 30/61 MP: 6/12
  8756 | D:7      | Reached skill level 10 in Short Blades
  9149 | D:7      | Killed Duvessa
  9622 | D:8      | Found a staircase to the Lair.
  9651 | D:8      | Reached skill level 5 in Armour
  9767 | D:8      | Reached skill level 5 in Invocations
  9988 | D:8      | Noticed Pikel
 10086 | D:8      | Killed Pikel
 10087 | D:8      | Reached skill level 5 in Dodging
 10087 | D:8      | Reached skill level 5 in Stealth
 10383 | D:8      | Found a runed translucent gate.
 10384 | D:8      | Found a runed translucent gate.
 10385 | D:8      | Found a runed translucent gate.
 10665 | D:8      | Reached XP level 11. HP: 56/61 MP: 15/15
 10674 | D:8      | Reached skill level 10 in Ranged Weapons
 10992 | D:8      | Paralysed by a hornet for 3 turns
 11341 | D:3      | Killed sirJeffrey23's ghost
 11498 | D:6      | Gained mutation: You have large cloven feet. [potion of
                  | mutation]
 11511 | D:6      | Killed Darkkill's ghost
 12065 | D:9      | Noticed a two-headed ogre
 12077 | D:9      | Killed a two-headed ogre
 12380 | D:9      | Found a glowing golden altar of the Shining One.
 12619 | D:9      | Reached skill level 10 in Invocations
 12619 | D:9      | Reached XP level 12. HP: 73/73 MP: 19/19
 12669 | D:9      | Noticed a sixfirhy
 12834 | D:9      | Found a broken altar of Ashenzari.
 13197 | D:9      | Found Syishoal's Antique Weapon Boutique.
 13767 | D:10     | Entered Level 10 of the Dungeon
 14005 | D:10     | Reached skill level 1 in Evocations
 14324 | D:10     | Found a radiant altar of Vehumet.
 14468 | D:10     | Reached skill level 11 in Ranged Weapons
 14468 | D:10     | Reached XP level 13. HP: 79/79 MP: 20/20
 14660 | D:10     | Found a runed translucent gate.
 14714 | D:10     | Found a runed translucent gate.
 14715 | D:10     | Found a runed translucent gate.
 14747 | D:10     | Found a white marble altar of Elyvilon.
 17392 | D:12     | Found a staircase to the Orcish Mines.
 17532 | D:12     | Identified the +5 scale mail of Luf Tiqo {rPois Int+4}
 17671 | D:12     | Noticed a vault guard
 17680 | D:12     | Killed a vault guard
 17725 | D:12     | Found a portal to a secret trove of treasure.
 17956 | D:12     | Got the Disquisition on the Traveller and Heat
 18302 | Lair:1   | Entered Level 1 of the Lair of Beasts
 18791 | Lair:1   | Identified the +2 robe of Yredelemnul's Approval {+Blink
                  | rElec Int+2}
 19483 | Lair:2   | Found a staircase to the Shoals.
 19912 | Lair:2   | Reached skill level 12 in Ranged Weapons
 20074 | Lair:2   | Noticed a five-headed hydra
 20218 | Lair:2   | Killed a five-headed hydra
 20427 | Lair:2   | Noticed SirDiesAlot's ghost (journeyman MfGl)
 20428 | Lair:2   | Noticed a minotaur
 20487 | Lair:2   | Found a runed translucent gate.
 20488 | Lair:2   | Found a runed translucent gate.
 20489 | Lair:2   | Found a runed translucent gate.
 20525 | Lair:2   | Reached XP level 14. HP: 86/86 MP: 22/22
 20527 | Lair:2   | Reached skill level 10 in Dodging
 20527 | Lair:2   | Reached skill level 5 in Evocations
 21485 | Lair:3   | Reached skill level 10 in Stealth
 21881 | Lair:3   | Reached skill level 10 in Fighting
 23014 | Lair:3   | Found a hole to the Spider Nest.
 23037 | Lair:3   | Reached skill level 13 in Ranged Weapons
 23557 | Lair:4   | Identified a scroll of acquirement
 23558 | Lair:4   | Acquired a +0 quick blade of holy wrath
 23638 | Lair:4   | Acquired a manual of Shields
 24862 | Lair:4   | Identified the +1 scale mail of Yluffya {rPois rC+ Stlth-}
 24977 | Lair:4   | Upgraded the game from 0.30-a0-168-g0b976cbdc4 to
                  | 0.30-a0-170-g85af917532
 25823 | D:13     | Reached XP level 15. HP: 92/92 MP: 24/24
 26450 | D:13     | Found a transporter.
 26451 | D:13     | Found a transporter.
 26462 | D:13     | Noticed Ydyt's ghost (journeyman MiFi)
 26757 | D:13     | Slain by a gargoyle

Illustrated notes

Levels and vault maps discovered:
D:1:      lemuel_arrival_funnel, layout_basic, basic_ecumenical_altar,
          serial_shops, shop
D:2:      layout_rooms, uniq_terence
D:3:      layout_basic, gammafunk_ghost_mausoleum, uniq_robin
D:4:      layout_basic, mainiacjoe_overflow_alcove_1, grunt_qazlal_sundering,
          portal_sewer_entry_d, uniq_pargi
D:5:      layout_basic, makhleb_altar_promises_db,
          worldfamousw_hep_ancestral_shrine
D:6:      layout_basic, amethyst_overflow_temple_binary,
          minmay_temple_entry_hall, gammafunk_ghost_grave
D:7:      layout_cave_pools, mainiacjoe_overflow_cross_hatched, serial_undead,
          serial_undead_a, serial_undead_f, serial_undead_c, serial_undead_d,
          serial_undead_e, serial_undead_c, serial_undead_a, serial_undead_e,
          uniq_duvessa
D:8:      layout_cave_pods, lair_entry_dummy, gammafunk_ghost_necromancy,
          hangedman_abyss_or_decor_passed, eino_small_chamber_without_monster,
          minmay_chambers_of_fives, uniq_pikel
D:9:      layout_gridville, nicolae_tso_carved_into_rock,
          evilmike_ruin_ashenzari, serial_ice, serial_ice_n, serial_ice_g,
          serial_ice_a, serial_ice_f, serial_ice_l, serial_ice_d, serial_ice_b,
          serial_ice_h, serial_ice_o, serial_ice_m, serial_shops,
          nicolae_shop_behind_doors
D:10:     layout_stronghold, general_overflow_altar, nicolae_vehumet_radiance,
          gammafunk_ghost_spectres, hangedman_decor_peaks_small,
          roderic_roman_lattice, chequers_garden, grunt_ministairs_1
D:11:     layout_basic
D:12:     layout_stronghold, orc_0_dummy, enter_trove_5,
          minmay_gold_behind_fungi, minivault_19
D:13:     layout_rooms, serial_curves, eino_curves_01, eino_curves_04,
          gammafunk_ghost_hive, dk_noncrumbling_4
Temple:   nicolae_temple_bog_church
Lair:1:   layout_hall_layers, grunt_megastairs_1
Lair:2:   layout_gridlike, minmay_shoals_entry_hut,
          maelrawn_ghost_gauntlet_escape
Lair:3:   layout_regular_city, nicolae_spider_entry_tight_spaces,
          cheibrodos_lair_reptile_den, serial_bayou_shore_b, grunt_megastairs_5
Lair:4:   nzn_winding_woodlands_small [nzn_winding_woodlands_5x15_cabin,
          nzn_winding_woodlands_center_triple_pond,
          nzn_winding_woodlands_5x15_parted], layout_loops_ring

Skill      XL: |  1  2  3  4  5  6  7  8  9 10 11 12 13 14 |
---------------+-------------------------------------------+-----
Short Blades   | 1 2 3 4 5 6 8 9 10 | 10.0
Armour         | 1 2 3 4 5 6 7 8 9 |  9.2
Fighting       | 3 4 5 6 7 8 9 10 | 10.0
Ranged Weapons | 6 7 8 9 10 11 12 13 | 13.8
Invocations    | 3 5 10 11 12 | 12.7
Stealth        | 3 5 6 7 9 10 | 10.0
Dodging        | 3 5 8 9 11 | 11.8
Evocations     | 1 4 6 |  6.0

Action                   |  1- 3 |  4- 6 |  7- 9 | 10-12 | 13-15 || total
-------------------------+-------+-------+-------+-------+-------++-------
Melee: Dagger            |    71 |    46 |    78 |   312 |   135 ||   642
       Punch             |     1 |       |     5 |    21 |    17 ||    44
       Quarterstaff      |       |    90 |   138 |    28 |       ||   256
       Short sword       |       |       |    95 |   496 |   743 ||  1334
       Quick blade       |       |       |       |       |   331 ||   331
 Fire: Shortbow          |    59 |    88 |   104 |   111 |   118 ||   480
Throw: Dart              |       |       |       |     1 |     4 ||     5
Invok: Stomp             |       |       |     3 |    12 |     9 ||    24
       Line Pass         |       |       |       |       |     2 ||     2
Evoke: Wand              |       |       |       |     3 |     3 ||     6
  Use: Potion            |       |     1 |     2 |     6 |     1 ||    10
       Scroll            |       |     8 |     5 |     4 |    15 ||    32
 Stab: Paralysed         |       |       |     5 |    24 |    41 ||    70
       Sleeping          |       |       |     1 |     1 |    28 ||    30
       Distracted        |       |       |       |     1 |     2 ||     3
       Confused          |       |       |       |       |     1 ||     1
Armor: Leather armour    |    11 |    22 |    10 |       |       ||    43
       Troll leather arm |       |       |    68 |    84 |    44 ||   196
       Scale mail        |       |       |       |       |   143 ||   143
Dodge: Dodged            |    69 |    92 |   286 |   639 |   743 ||  1829

Table legend: (Time is in decaauts)
 A = Elapsed time spent in this place.
 B = Non-inter-level travel time spent in this place.
 C = Inter-level travel time spent in this place.
 D = Time resting spent in this place.
 E = Time spent auto-exploring this place.
 F = Levels seen in this place.
 G = Mean time per level.
                   A        B        C        D        E       F      G
               +--------+--------+--------+--------+--------+-----+--------+
         Total |  25630 |  23926 |   1704 |   3496 |  15002 |  19 | 1348.9 |
       Dungeon |  18081 |  16916 |   1165 |   2462 |  10456 |  13 | 1390.8 |
        Temple |    305 |    278 |     27 |      0 |    263 |   1 |  305.0 |
          Lair |   6717 |   6206 |    511 |    860 |   4074 |   4 | 1679.2 |
         Sewer |    525 |    525 |      0 |    174 |    207 |   1 |  525.0 |
               +--------+--------+--------+--------+--------+-----+--------+

Top non-repeatable levels by time:
  Lair:3: 2439 daAuts
     D:8: 2216 daAuts
  Lair:2: 1939 daAuts
    D:12: 1727 daAuts
     D:3: 1703 daAuts
     D:4: 1642 daAuts
    D:10: 1599 daAuts
     D:9: 1496 daAuts
  Lair:4: 1487 daAuts
     D:7: 1420 daAuts
     D:2: 1291 daAuts
    D:11: 1180 daAuts
     D:6: 1133 daAuts
     D:1: 1031 daAuts
     D:5: 917 daAuts
